 Dungeon Crawl Stone Soup version 0.23.1 (webtiles) character file.

Game seed: 0

7128 nikopol the Spear-Bearer (level 10, -8/90 HPs)
             Began as a Minotaur Berserker on Mar 7, 2019.
             Was a High Priest of Trog.
             Mangled by a sixfirhy (11 damage)
             ... on level 1 of the Abyss.
             The game lasted 00:19:18 (9276 turns).

nikopol the Spear-Bearer (Minotaur Berserker)       Turns: 9276, Time: 00:19:19

Health: -8/90      AC:  8    Str: 24    XL:     10   Next: 85%
Magic:  9/9        EV: 12    Int:  4    God:    Trog [*****.]
Gold:   577        SH:  0    Dex: 11    Spells: 9/9 levels left

rFire    . . .     SeeInvis .   a - +2 halberd (freeze)
rCold    . . .     Gourm    .   (shield currently unavailable)
rNeg     . . .     Faith    .   u - +0 scale mail
rPois    .         Spirit   .   i - +0 hat
rElec    .         Reflect  .   (no cloak)
rCorr    .         Harm     .   (no gloves)
MR       .....                  (no boots)
Stlth    ..........             (no amulet)
HPRegen  0.25/turn              (no ring)
MPRegen  0.11/turn              (no ring)

@: berserk cooldown, starving, slowed, very slow
A: retaliatory headbutt, horns 2
a: Berserk, Trog's Hand, Brothers in Arms, Renounce Religion


You were on level 1 of the Abyss.
You worshipped Trog.
Trog was extremely pleased with you.
You were starving.

You visited 1 branch of the dungeon, and saw 9 of its levels.
You visited the Abyss 1 time.
You also visited: Ossuary.

You collected 577 gold pieces.

Inventory:

Hand Weapons
 a - a +2 halberd of freezing (weapon)
 l - a +0 spear
 v - a +0 trident
 y - a +3 flail
 z - a +0 shortbow
 E - a +1 trident of piercing
Missiles
 d - 82 arrows
 B - 16 bolts
Armour
 b - a +0 animal skin
 h - a +0 ring mail
 i - a +0 hat (worn)
 u - a +0 scale mail (worn)
Wands
 n - a wand of acid (8)
 A - a wand of flame (16)
 G - a wand of disintegration (7)
 I - a wand of paralysis (6)
Scrolls
 e - 11 scrolls of identify
 f - a scroll of teleportation
 g - 3 scrolls of amnesia
 j - 3 scrolls of enchant weapon
 r - 2 scrolls of fear {unknown}
 w - 9 scrolls of remove curse
 C - a scroll of magic mapping
 F - a scroll of fog
 H - a scroll of vulnerability {unknown}
 J - a scroll of enchant armour {unknown}
Potions
 k - a potion of haste
 m - 3 potions of agility {unknown}
 o - a potion of resistance {unknown}
 p - a potion of invisibility
 q - 2 potions of lignification {unknown}
 s - 2 potions of mutation {unknown}
 t - 8 potions of curing {unknown}
 x - 3 potions of heal wounds {unknown}
Comestibles
 c - 20 rations


   Skills:
 + Level 8.8 Fighting
 * Level 12.4 Polearms
 * Level 9.8 Bows
 + Level 7.4 Armour
 + Level 4.5 Dodging
 + Level 1.3 Stealth


You had 9 spell levels left.
You didn't know any spells.
Your spell library was empty.

Dungeon Overview and Level Annotations

Branches:
Dungeon (9/15)             Temple (0/1) D:7            Lair (0/6) D:8
    Orc: D:9-12

Altars:
Cheibriados
Gozag
Hepliaklqana
Makhleb
Okawaru
Ru
Sif Muna
Trog
Uskayaw
Vehumet
Xom
Zin
The Shining One

Shops:
D:5 (   D:7 %[:[*

Annotations:
D:9 Psyche


Innate Abilities, Weirdness & Mutations

You reflexively headbutt those who attack you in melee.
You have a pair of horns on your head.


Message History

The quasit claws you but does no damage.
The quasit closely misses you.
The quasit claws you but does no damage.
The quasit barely misses you.
You impale the quasit!! You freeze the quasit.
You kill the quasit!
Trog accepts your kill.
You slash the sixfirhy! You freeze the sixfirhy.
The sixfirhy is heavily wounded.
The sixfirhy hits you. The sixfirhy shocks you!
* * * LOW HITPOINT WARNING * * *
The sixfirhy hits you.
* * * LOW HITPOINT WARNING * * *
The sixfirhy shocks you!
* * * LOW HITPOINT WARNING * * *
The sixfirhy hits you but does no damage.
The sixfirhy hits you.
* * * LOW HITPOINT WARNING * * *
The sixfirhy shocks you!
You die...

## . . .## .. .
.... #..#.. ....
..##.#..
......#@#.#
....#.#3.#
.....3...#.# ..
.##.#.###.#.##.#
.
.#.............
.. # ##...#
..###.. #. #..
#.#####.# ###.
#...#...#..# ##
##. #. ..(.##


You could see a sixfirhy.

Vanquished Creatures
  Pikel (D:8)
  A worldbinder (Abyss:1)
  A smoke demon (Abyss:1)
  Joseph (D:7)
  An orange demon (Abyss:1)
  An apocalypse crab (Abyss:1)
  A hippogriff (D:8)
  2 small abominations (Abyss:1)
  A ynoxinul (Abyss:1)
  A human (D:7)
  3 hogs (D:7)
  A yak (D:7)
  Menkaure (D:4)
  An orc warrior (D:8)
  2 sky beasts
  4 ice beasts
  A black bear (D:8)
  2 centaurs
  4 ogres
  A big kobold (D:7)
  3 bullfrogs
  A wyvern skeleton (D:8)
  2 scorpions
  A water moccasin skeleton (D:5)
  5 killer bees (D:7)
  3 wights (D:8)
  5 howler monkeys
  2 centaur zombies
  A crimson imp (D:5)
  2 quasits (Abyss:1)
  2 bullfrog zombies
  2 hounds
  A bullfrog skeleton (D:8)
  A centaur skeleton (D:3)
  2 jellies
  8 orc priests
  5 orc wizards
  Natasha (thrice) (D:4)
  Ijyb (D:4)
  3 iguanas
  5 worker ants
  Terence (D:3)
  6 big kobold zombies (Ossuary)
  2 hound zombies
  A mummy (Ossuary)
  A worker ant zombie (D:6)
  4 gnolls (D:5)
  7 adders
  An adder zombie (D:8)
  An ooze (D:3)
  3 worms
  4 dart slugs
  6 leopard geckos
  43 orcs
  A spectral bat (Ossuary)
  7 giant cockroaches
  12 goblins
  3 hobgoblins
  2 jackals (D:1)
  6 quokkas
  4 bats
  A bat simulacrum (Ossuary)
  4 frilled lizards
  6 gnoll zombies (Ossuary)
  4 goblin simulacra (Ossuary)
  5 goblin zombies (Ossuary)
  2 hobgoblin zombies (Ossuary)
  6 kobolds
  3 kobold simulacra (Ossuary)
  3 kobold zombies (Ossuary)
  8 orc zombies (Ossuary)
  A quokka skeleton (D:8)
  6 rats
  A rat simulacrum (Ossuary)
  3 spectral goblins (Ossuary)
  2 spectral kobolds (Ossuary)
  3 spectral rats (Ossuary)
262 creatures vanquished.

Vanquished Creatures (others)
  A slave (D:8)
  A phantom (D:5)
  A bullfrog (D:8)
  A crimson imp (D:8)
  A quokka skeleton (D:8)
  3 fungi (D:8)
  A plant (D:8)
9 creatures vanquished.

Grand Total: 271 creatures vanquished

Notes
Turn   | Place    | Note
-------+----------+-------------------------------------------
     0 | D:1      | nikopol the Minotaur Berserker began the quest for the Orb.
     0 | D:1      | Reached XP level 1. HP: 19/19 MP: 0/0
   256 | D:1      | Reached XP level 2. HP: 26/27 MP: 1/1
   483 | D:1      | Reached skill level 4 in Polearms
  1237 | D:2      | Reached XP level 3. HP: 33/33 MP: 2/2
  1351 | D:2      | Noticed an ice beast
  1359 | D:2      | Killed an ice beast
  1359 | D:2      | Reached skill level 5 in Polearms
  1359 | D:2      | Reached XP level 4. HP: 41/41 MP: 3/3
  1520 | D:2      | Found a glowing golden altar of the Shining One.
  1729 | D:3      | Reached ** piety under Trog
  1729 | D:3      | Reached XP level 5. HP: 47/47 MP: 4/4
  1893 | D:3      | Noticed Terence
  1900 | D:3      | Killed Terence
  1900 | D:3      | Reached skill level 5 in Fighting
  1947 | D:3      | Reached skill level 6 in Polearms
  1965 | D:3      | Found an opulent altar of Gozag.
  2153 | D:3      | Found a radiant altar of Vehumet.
  2156 | D:3      | Found a hide-covered altar of Uskayaw.
  2603 | D:4      | Reached XP level 6. HP: 56/56 MP: 5/5
  2776 | D:4      | Noticed Natasha
  2784 | D:4      | Killed Natasha
  2818 | D:4      | Noticed Natasha
  2822 | D:4      | Killed Natasha
  2822 | D:4      | Reached *** piety under Trog
  2868 | D:4      | Noticed Natasha
  2872 | D:4      | Killed Natasha
  2921 | D:4      | Reached skill level 7 in Polearms
  3004 | D:4      | Noticed Ijyb
  3030 | D:4      | Killed Ijyb
  3268 | D:4      | Noticed Menkaure
  3275 | D:4      | Killed Menkaure
  3275 | D:4      | Reached XP level 7. HP: 45/61 MP: 6/6
  3650 | D:5      | Entered Level 5 of the Dungeon
  3735 | D:5      | Found a sand-covered staircase.
  3744 | Ossuary  | Entered an ossuary
  3852 | Ossuary  | Reached skill level 1 in Stealth
  3915 | Ossuary  | Reached **** piety under Trog
  4181 | Ossuary  | Reached skill level 5 in Armour
  4188 | Ossuary  | Reached skill level 8 in Polearms
  4617 | D:5      | Reached XP level 8. HP: 39/70 MP: 7/7
  4703 | D:5      | Found Hiec's Weapon Boutique.
  4744 | D:5      | Found an iron altar of Okawaru.
  4780 | D:5      | Reached skill level 9 in Polearms
  5335 | D:5      | Found a burning altar of Makhleb.
  5349 | D:5      | Found a glowing silver altar of Zin.
  5349 | D:5      | Noticed an angel
  5350 | D:5      | Noticed a blizzard demon
  5402 | D:5      | Reached skill level 1 in Bows
  5664 | D:5      | Found a deep blue altar of Sif Muna.
  5885 | D:6      | Reached skill level 10 in Polearms
  6359 | D:6      | Reached ***** piety under Trog
  6416 | D:6      | Reached XP level 9. HP: 79/79 MP: 8/8
  6692 | D:6      | Found a bloodstained altar of Trog.
  6914 | D:7      | Reached skill level 5 in Bows
  7052 | D:7      | Found Zesahung's Book Shoppe.
  7069 | D:7      | Received a gift from Trog
  7070 | D:7      | Found a staircase to the Ecumenical Temple.
  7105 | D:7      | Noticed Joseph
  7121 | D:7      | Killed Joseph
  7435 | D:7      | Found Wuoshrer's Antique Armour Shop.
  7477 | D:7      | Found a snail-covered altar of Cheibriados.
  7541 | D:7      | Found Cytaod's Food Boutique.
  7625 | D:7      | Found Rinoblea's Assorted Antiques.
  7647 | D:7      | Found Umophyrch's Armour Shoppe.
  7823 | D:7      | Reached skill level 11 in Polearms
  7985 | D:8      | Found a sacrificial altar of Ru.
  7985 | D:8      | Found a shimmering altar of Xom.
  8019 | D:8      | Reached XP level 10. HP: 88/88 MP: 9/9
  8231 | D:8      | Found a hazy altar of Hepliaklqana.
  8267 | D:8      | Noticed Pikel
  8282 | D:8      | Killed Pikel
  8389 | D:8      | Found a staircase to the Lair.
  8508 | D:8      | Found a hide-covered altar of Uskayaw.
  8561 | D:8      | Received a gift from Trog
  8941 | D:9      | Noticed Psyche
  8957 | D:9      | Cast into level 1 of the Abyss (Psyche)
  9013 | Abyss:1  | Reached skill level 12 in Polearms
  9026 | Abyss:1  | Noticed a starcursed mass
  9046 | Abyss:1  | Noticed an orange demon
  9051 | Abyss:1  | Killed an orange demon
  9071 | Abyss:1  | Paralysed by accursed screaming for 1 turns
  9073 | Abyss:1  | Noticed a yellow draconian annihilator
  9076 | Abyss:1  | HP: 4/90 [starcursed mass/accursed screaming (12)]
  9077 | Abyss:1  | Noticed a wretched star
  9170 | Abyss:1  | Noticed a smoke demon
  9183 | Abyss:1  | Killed a smoke demon
  9212 | Abyss:1  | Noticed an apocalypse crab
  9223 | Abyss:1  | Killed an apocalypse crab
  9239 | Abyss:1  | Noticed a worldbinder
  9257 | Abyss:1  | Killed a worldbinder
  9271 | Abyss:1  | Noticed a sixfirhy
  9276 | Abyss:1  | HP: 3/90 [sixfirhy (5)]
  9276 | Abyss:1  | Mangled by a sixfirhy

Skill      XL: |  1  2  3  4  5  6  7  8  9 10 |
---------------+-------------------------------+-----
Fighting       | 4 5 6 7 8 |  8.8
Polearms       | 4 5 6 7 8 10 11 12 | 12.4
Armour         | 3 4 5 6 7 |  7.4
Dodging        | 3 4 |  4.5
Stealth        | 1 |  1.3
Bows           | 3 7 9 |  9.8

Action                   |  1- 3 |  4- 6 |  7- 9 | 10-12 || total
-------------------------+-------+-------+-------+-------++-------
Melee: Spear             |    67 |    14 |       |       ||    81
       Headbutt          |     8 |    21 |    72 |     9 ||   110
       Trident           |       |   143 |   176 |       ||   319
       Halberd           |       |       |   137 |   101 ||   238
 Fire: Shortbow          |       |       |    79 |    78 ||   157
Invok: Berserk           |       |     2 |     2 |     2 ||     6
       Trog's Hand       |       |       |       |     3 ||     3
  Use: Scroll            |       |     1 |     6 |     1 ||     8
 Stab: Sleeping          |     1 |       |       |       ||     1
  Eat: Chunk             |     1 |     7 |    18 |     5 ||    31
Armor: Animal skin       |     2 |       |       |       ||     2
       Ring mail         |     3 |     6 |       |       ||     9
       Scale mail        |       |    29 |    52 |    56 ||   137
Dodge: Dodged            |    28 |    50 |   113 |    74 ||   265
